General information
- name: BNet
- type: Ladder team game (AT/RT)
- host: Battle.net
- saver: FROM-AMERICA
map: Deadlands
- players: 8
- length: 28:26
- speed: Fast
- version: 1.26 W3XP
- replay type: Public
» download(223 KB)
Players
team 1 (loser)
sexy_au-lit (
yellow | 42 APM | 1157 actions | 27:48)
5 Mountain King
3 Storm Bolt
2 Bash
3 Paladin
1 Holy Light
1 Divine Shield
1 Devotion Aura
» actions
| Assign group hotkey | 34 | |
| Basic commands | 1 | |
| Build / train | 71 | |
| Enter build submenu | 21 | |
| Enter hero's abilities submenu | 8 | |
| Give item / drop item | 2 | |
| Remove unit from queue | 1 | |
| Right click | 476 | |
| Select / deselect | 362 | |
| Select group hotkey | 96 | |
| Use ability | 85 | |
1157 total
» units
| Peasant | 7 | |
| Rifleman | 18 | |
| Draenei Disciple | 1 | |
| Siege Engine | 7 | |
33 total
» upgrades
| Gunpowder | 2 | |
| Armor | 2 | |
| Long Rifles | 1 | |
| Lumber Harvesting | 1 | |
| Masonry | 1 | |
| Plating | 1 | |
| Barrage | 1 | |
9 total
» buildings
| Altar of Kings | 2 | |
| Farm | 10 | |
| Barracks | 1 | |
| Blacksmith | 1 | |
| Lumber Mill | 1 | |
| Scout Tower | 3 | |
| Arcane Tower | 1 | |
| Guard Tower | 2 | |
| Keep | 1 | |
| Arcane Vault | 1 | |
| Castle | 1 | |
| Workshop | 2 | |
26 total
» build order
00:08 Altar of Kings
00:24 Farm
00:38 Barracks
01:33 Blacksmith
01:38 Farm
01:53 Lumber Mill
02:26 Farm
02:30 Farm
02:59 Scout Tower
03:10 Farm
03:28 Scout Tower
03:30 Arcane Tower
03:57 Guard Tower
03:59 Scout Tower
04:49 Keep
05:03 Guard Tower
05:22 Farm
06:17 Arcane Vault
07:15 Farm
10:55 Altar of Kings
11:43 Farm
11:46 Farm
13:17 Castle
13:48 Workshop
13:49 Workshop
15:06 Farm
» items
| Scroll of Regeneration | 2 | |
| Lesser Clarity Potion | 6 | |
| Potion of Healing | 2 | |
| Scroll of Town Portal | 2 | |
| Scroll of Speed | 1 | |
13 total

»
N00b_rEB0RN (
blue | 115 APM | 3231 actions | 28:01)
5 Demon Hunter
3 Immolation
2 Evasion
3 Keeper of the Grove
2 Entangling Roots
1 Thorns Aura
4 Priestess of the Moon
2 Searing Arrows
2 Trueshot Aura
» actions
| Assign group hotkey | 56 | |
| Build / train | 96 | |
| Enter build submenu | 16 | |
| Enter hero's abilities submenu | 12 | |
| Give item / drop item | 4 | |
| Remove unit from queue | 5 | |
| Right click | 1361 | |
| Select / deselect | 685 | |
| Select group hotkey | 939 | |
| Use ability | 56 | |
3231 total
» units
| Wisp | 9 | |
| Archer | 23 | |
| Hippogryph | 20 | |
52 total
» upgrades
| Improved Bows | 1 | |
| Moon Armor | 2 | |
| Marksmanship | 1 | |
| Hippogryph Taming | 1 | |
| Strength of the Moon | 3 | |
| Ultravision | 1 | |
| Abolish Magic | 0 | |
| Druid of the Claw Training | 2 | |
| Well Spring | 1 | |
| Strength of the Wild | 2 | |
14 total
» buildings
| Altar of Elders | 1 | |
| Moon Well | 7 | |
| Tree of Ages | 3 | |
| Ancient of War | 1 | |
| Ancient of Wonders | 1 | |
| Tree of Eternity | 1 | |
| Ancient of Wind | 2 | |
| Hunter's Hall | 1 | |
| Ancient of Lore | 1 | |
| Ancient Protector | 1 | |
19 total
» build order
00:19 Altar of Elders
00:25 Moon Well
01:27 Moon Well
02:13 Tree of Ages
02:14 Tree of Ages
02:14 Tree of Ages
02:20 Ancient of War
02:38 Ancient of Wonders
03:17 Moon Well
04:45 Tree of Eternity
04:48 Moon Well
04:59 Ancient of Wind
05:34 Hunter's Hall
06:24 Moon Well
09:33 Ancient of Lore
16:32 Moon Well
17:09 Ancient Protector
18:39 Moon Well
21:59 Ancient of Wind
» items
| Healing Salve | 1 | |
| Scroll of Regeneration | 1 | |
| Orb of Venom | 1 | |
| Staff of Preservation | 1 | |
| Potion of Healing | 1 | |
| Scroll of Town Portal | 1 | |
6 total

»
kAmiKaZeBiLL (
red | 68 APM | 1940 actions | 28:24)
3 Tauren Chieftain
1 Shockwave
2 Endurance Aura
2 Far Seer
2 Chain Lighting
3 Shadow Hunter
2 Healing Wave
1 Hex
» actions
| Assign group hotkey | 31 | |
| Build / train | 62 | |
| ESC pressed | 3 | |
| Enter build submenu | 21 | |
| Enter hero's abilities submenu | 10 | |
| Give item / drop item | 3 | |
| Remove unit from queue | 1 | |
| Right click | 503 | |
| Select / deselect | 312 | |
| Select group hotkey | 894 | |
| Use ability | 100 | |
1940 total
» units
| Peon | 5 | |
| Troll Headhunter/Berserker | 20 | |
| Demolisher | 2 | |
| Troll Witch Doctor | 3 | |
30 total
» upgrades
| Witch Doctor Training | 2 | |
| Troll Regeneration | 1 | |
| Berserker Upgrade | 1 | |
4 total
» buildings
| Altar of Storms | 2 | |
| War Mill | 1 | |
| Orc Burrow | 6 | |
| Barracks | 2 | |
| Stronghold | 2 | |
| Voodoo Lounge | 1 | |
| Spirit Lodge | 1 | |
| Fortress | 2 | |
| Great Hall | 1 | |
18 total
» build order
00:16 Altar of Storms
00:33 War Mill
00:42 Orc Burrow
01:11 Barracks
01:54 Orc Burrow
02:43 Barracks
03:16 Orc Burrow
03:58 Stronghold
04:22 Orc Burrow
04:55 Orc Burrow
05:26 Voodoo Lounge
07:18 Spirit Lodge
10:58 Fortress
10:58 Fortress
11:02 Orc Burrow
23:25 Altar of Storms
24:23 Great Hall
» items
| Healing Salve | 1 | |
| Orb of Lightning | 2 | |
| Lesser Clarity Potion | 4 | |
| Scroll of Town Portal | 2 | |
| Potion of Healing | 1 | |
10 total
Carlo321 (
teal | 44 APM | 1222 actions | 27:39)
4 Blademaster
2 Wind Walk
2 Critical Strike
3 Shadow Hunter
2 Healing Wave
1 Hex
3 Tauren Chieftain
2 War Stomp
1 Endurance Aura
» actions
| Assign group hotkey | 31 | |
| Build / train | 62 | |
| ESC pressed | 1 | |
| Enter build submenu | 19 | |
| Enter hero's abilities submenu | 11 | |
| Give item / drop item | 4 | |
| Right click | 498 | |
| Select / deselect | 196 | |
| Select group hotkey | 313 | |
| Use ability | 87 | |
1222 total
» units
» upgrades
| Melee Weapons | 3 | |
| Armor | 3 | |
| Pulverize | 1 | |
7 total
» buildings
| Altar of Storms | 1 | |
| Orc Burrow | 8 | |
| Voodoo Lounge | 2 | |
| War Mill | 2 | |
| Stronghold | 1 | |
| Fortress | 1 | |
| Tauren Totem | 3 | |
| Great Hall | 3 | |
| Watch Tower | 3 | |
24 total
» build order
00:10 Altar of Storms
00:12 Orc Burrow
01:13 Voodoo Lounge
01:40 War Mill
02:04 War Mill
02:42 Stronghold
05:04 Fortress
05:25 Orc Burrow
05:26 Orc Burrow
05:27 Orc Burrow
07:25 Tauren Totem
07:28 Tauren Totem
07:31 Tauren Totem
18:40 Orc Burrow
18:41 Orc Burrow
20:37 Orc Burrow
20:37 Orc Burrow
21:40 Great Hall
21:44 Watch Tower
21:45 Watch Tower
22:08 Watch Tower
22:11 Voodoo Lounge
23:04 Great Hall
26:00 Great Hall
» items
| Healing Salve | 1 | |
| Lesser Clarity Potion | 1 | |
| Scroll of Speed | 1 | |
| Potion of Healing | 2 | |
| Potion of Mana | 1 | |
| Tiny Great Hall | 3 | |
| Scroll of Town Portal | 3 | |
| Scroll of Protection | 1 | |
| Scroll of Healing | 1 | |
14 total
team 2 (winner)
kakarott. (
pink | 57 APM | 1614 actions | 28:25)
6 Death Knight
3 Death Coil
2 Unholy Aura
1 Animate Dead
4 Lich
2 Frost Nova
2 Frost Armor
» actions
| Assign group hotkey | 29 | |
| Basic commands | 1 | |
| Build / train | 63 | |
| Enter build submenu | 16 | |
| Enter hero's abilities submenu | 10 | |
| Give item / drop item | 13 | |
| Remove unit from queue | 3 | |
| Right click | 618 | |
| Select / deselect | 321 | |
| Select group hotkey | 429 | |
| Use ability | 106 | |
1614 total
» units
| Acolyte | 4 | |
| Ghoul | 3 | |
| Crypt Fiend | 11 | |
| Frost Wyrm | 9 | |
27 total
» upgrades
| Creature Attack | 2 | |
| Web | 1 | |
| Freezing Breath | 1 | |
| Creature Carapace | 2 | |
6 total
» buildings
| Crypt | 1 | |
| Ziggurat | 7 | |
| Graveyard | 1 | |
| Altar of Darkness | 1 | |
| Tomb of Relics | 1 | |
| Nerubian Tower | 2 | |
| Halls of the Dead | 1 | |
| Sacrificial Pit | 1 | |
| Black Citadel | 1 | |
| Boneyard | 2 | |
18 total
» build order
00:06 Crypt
00:10 Ziggurat
00:33 Graveyard
00:55 Altar of Darkness
01:31 Tomb of Relics
02:02 Ziggurat
03:32 Nerubian Tower
04:25 Halls of the Dead
04:48 Ziggurat
05:11 Nerubian Tower
06:50 Sacrificial Pit
07:44 Black Citadel
08:15 Ziggurat
09:16 Ziggurat
09:28 Ziggurat
10:38 Boneyard
10:51 Boneyard
11:11 Ziggurat
» items
| Rod of Necromancy | 2 | |
| Dust of Appearance | 1 | |
| Orb of Corruption | 1 | |
| Scroll of Town Portal | 3 | |
| Potion of Healing | 4 | |
11 total

»
killou (
green | 55 APM | 1552 actions | 28:25)
7 Blademaster
3 Wind Walk
3 Critical Strike
1 Bladestorm
» actions
| Assign group hotkey | 36 | |
| Build / train | 77 | |
| Enter build submenu | 29 | |
| Enter hero's abilities submenu | 7 | |
| Give item / drop item | 5 | |
| Remove unit from queue | 4 | |
| Right click | 839 | |
| Select / deselect | 345 | |
| Select group hotkey | 145 | |
| Use ability | 63 | |
1552 total
» units
| Peon | 12 | |
| Grunt | 5 | |
| Wind Rider | 33 | |
| Raider | 2 | |
52 total
» upgrades
| Ranged Weapons | 3 | |
| Armor | 3 | |
| Envenomed Spears | 1 | |
7 total
» buildings
| Orc Burrow | 9 | |
| Altar of Storms | 1 | |
| Barracks | 1 | |
| Voodoo Lounge | 2 | |
| Stronghold | 1 | |
| War Mill | 1 | |
| Watch Tower | 2 | |
| Beastiary | 3 | |
| Great Hall | 4 | |
| Fortress | 1 | |
25 total
» build order
00:19 Orc Burrow
00:31 Altar of Storms
01:00 Barracks
01:23 Orc Burrow
02:18 Voodoo Lounge
03:15 Voodoo Lounge
03:28 Orc Burrow
03:54 Stronghold
04:14 War Mill
05:36 Watch Tower
06:46 Watch Tower
07:02 Beastiary
07:08 Beastiary
07:45 Orc Burrow
08:09 Great Hall
09:58 Orc Burrow
10:17 Great Hall
11:36 Orc Burrow
15:07 Fortress
16:00 Great Hall
25:13 Beastiary
26:27 Great Hall
27:29 Orc Burrow
27:32 Orc Burrow
28:13 Orc Burrow
» items
| Healing Salve | 3 | |
| Scroll of Town Portal | 2 | |
| Orb of Lightning | 1 | |
6 total
ALLNOOBS (
orange | 80 APM | 2271 actions | 28:25)
8 Archmage
3 Summon Water Elemental
3 Brilliance Aura
1 Mass Teleport
1 Blizzard
» actions
| Assign group hotkey | 69 | |
| Basic commands | 161 | |
| Build / train | 100 | |
| Enter build submenu | 23 | |
| Enter hero's abilities submenu | 9 | |
| Give item / drop item | 1 | |
| Remove unit from queue | 6 | |
| Right click | 852 | |
| Select / deselect | 323 | |
| Select group hotkey | 623 | |
| Use ability | 104 | |
2271 total
» units
| Peasant | 10 | |
| Footman | 4 | |
| Rifleman | 6 | |
| Voidwalker | 1 | |
| Draenei Disciple | 1 | |
| Mortar Team | 8 | |
| Sorceress | 9 | |
| Priest | 4 | |
| Knight | 6 | |
| Spell Breaker | 4 | |
53 total
» upgrades
| Lumber Harvesting | 2 | |
| Long Rifles | 1 | |
| Fragmentation Shards | 1 | |
| Animal War Training | 1 | |
| Flare | 1 | |
| Sorceress Training | 2 | |
| Priest Training | 1 | |
| Control Magic | 1 | |
| Magic Sentry | 1 | |
11 total
» buildings
| Farm | 13 | |
| Barracks | 1 | |
| Altar of Kings | 1 | |
| Scout Tower | 5 | |
| Arcane Vault | 1 | |
| Blacksmith | 1 | |
| Arcane Tower | 1 | |
| Keep | 1 | |
| Lumber Mill | 1 | |
| Workshop | 2 | |
| Arcane Sanctum | 1 | |
| Castle | 1 | |
| Town Hall | 2 | |
| Guard Tower | 1 | |
32 total
» build order
00:14 Farm
00:18 Barracks
00:26 Farm
00:28 Altar of Kings
01:47 Farm
01:57 Scout Tower
02:15 Arcane Vault
02:36 Blacksmith
02:54 Arcane Tower
04:07 Keep
04:43 Farm
04:58 Farm
05:00 Farm
05:18 Farm
05:24 Farm
06:20 Lumber Mill
06:54 Workshop
06:56 Arcane Sanctum
07:27 Workshop
09:53 Castle
11:51 Farm
11:56 Farm
11:57 Farm
11:57 Farm
11:58 Farm
16:07 Town Hall
25:28 Scout Tower
25:28 Scout Tower
25:29 Scout Tower
25:29 Scout Tower
26:41 Guard Tower
26:44 Town Hall
» items
| Scroll of Regeneration | 3 | |
| Scroll of Town Portal | 11 | |
| Potion of Healing | 2 | |
| Staff of Sanctuary | 1 | |
17 total
FROM-AMERICA (
purple | 65 APM | 1861 actions | 28:26)
7 Warden
3 Fan of Knives
2 Blink
1 Spirit of Vengeance
1 Shadow Strike
» actions
| Assign group hotkey | 31 | |
| Basic commands | 5 | |
| Build / train | 87 | |
| Enter build submenu | 28 | |
| Enter hero's abilities submenu | 7 | |
| Give item / drop item | 3 | |
| Remove unit from queue | 3 | |
| Right click | 786 | |
| Select / deselect | 272 | |
| Select group hotkey | 479 | |
| Use ability | 160 | |
1861 total
» units
| Wisp | 39 | |
| Huntress | 4 | |
| Chimaera | 11 | |
| Goblin Sapper | 2 | |
56 total
» upgrades
| Ultravision | 1 | |
| Strength of the Wild | 3 | |
| Corrosive Breath | 1 | |
| Well Spring | 1 | |
| Nature's Blessing | 1 | |
| Reinforced Hides | 1 | |
8 total
» buildings
| Moon Well | 6 | |
| Altar of Elders | 1 | |
| Hunter's Hall | 1 | |
| Ancient of War | 2 | |
| Tree of Life | 1 | |
| Ancient Protector | 22 | |
| Tree of Ages | 1 | |
| Ancient of Wonders | 4 | |
| Ancient of Wind | 3 | |
| Tree of Eternity | 1 | |
| Chimaera Roost | 3 | |
45 total
» build order
00:14 Moon Well
00:24 Altar of Elders
01:22 Hunter's Hall
01:42 Moon Well
02:11 Ancient of War
02:21 Ancient of War
02:44 Moon Well
03:13 Moon Well
05:29 Tree of Life
05:59 Ancient Protector
05:59 Ancient Protector
06:16 Ancient Protector
07:09 Tree of Ages
07:56 Ancient Protector
09:11 Ancient Protector
09:12 Ancient Protector
09:14 Ancient Protector
09:14 Ancient Protector
11:02 Ancient Protector
11:02 Ancient Protector
11:02 Ancient Protector
11:03 Ancient Protector
11:06 Ancient Protector
11:16 Ancient of Wonders
11:27 Ancient of Wind
11:54 Tree of Eternity
12:34 Ancient of Wonders
14:53 Ancient of Wind
14:56 Ancient of Wind
14:59 Moon Well
15:00 Moon Well
15:19 Ancient of Wonders
16:21 Chimaera Roost
16:22 Chimaera Roost
17:00 Chimaera Roost
21:16 Ancient Protector
21:20 Ancient of Wonders
25:26 Ancient Protector
25:27 Ancient Protector
25:27 Ancient Protector
25:56 Ancient Protector
26:52 Ancient Protector
» items
| Scroll of Town Portal | 3 | |
| Dust of Appearance | 1 | |
| Staff of Teleportation | 1 | |
| Potion of Lesser Invulnerability | 1 | |
| Boots of Speed | 1 | |
| Potion of Invisibility | 1 | |
| Potion of Mana | 1 | |
| Potion of Healing | 1 | |
10 total
Chat log
(00:05 / Allies) killou: hik
(00:17 / Allies) kakarott.: 100g plz
(01:04 / Allies) FROM-AMERICA: from?
(01:14 / Allies) ALLNOOBS: im from here
(01:21 / Allies) killou: p^^
(02:28 / Allies) kakarott.: units all?
(02:44 / Allies) killou: units here ^^
(07:04 / Allies) kakarott.: i come
(07:40 / Allies) kakarott.: i havee claws for u green
(09:09 / Allies) kakarott.: push>?
(09:56 / Allies) kakarott.: b
(09:58 / Allies) kakarott.: b
(10:01 / Allies) kakarott.: b
(10:40 / Allies) kakarott.: b
(11:34 / Allies) kakarott.: units purple plz
(11:56 / Allies) kakarott.: bm
(12:03 / Allies) kakarott.: bm take
(12:15 / Allies) kakarott.: go
(13:15 / Allies) kakarott.: b
(15:01 / Allies) kakarott.: go
(15:13 / Allies) ALLNOOBS: need a tp
(16:11 / Allies) kakarott.: w8 all
(16:30 / Allies) kakarott.: gold plz purple
(16:46 / Allies) FROM-AMERICA: wood
(16:54 / Allies) ALLNOOBS: ty
(17:03 / Allies) kakarott.: main
(17:13 / Allies) kakarott.: main
(17:32 / Allies) FROM-AMERICA: tp
(17:32 / Allies) kakarott.: b
(17:36 / Allies) kakarott.: tp
(17:37 / Allies) kakarott.: back
(18:10 / Allies) FROM-AMERICA: wood
(18:17 / Allies) kakarott.: gold plz
(18:37 / Allies) killou: gold pliz purp
(18:52 / Allies) killou: ty
(19:07 / Allies) kakarott.: all
(20:28 / Allies) ALLNOOBS: up trres
(20:29 / Allies) ALLNOOBS: plz
(20:43 / Allies) ALLNOOBS: ty
(20:44 / Allies) kakarott.: gold plz
(21:58 / Allies) kakarott.: gold
(22:24 / All) kAmiKaZeBiLL: tard
(22:37 / Allies) kakarott.: b
(22:39 / Allies) kakarott.: b
(22:51 / Allies) kakarott.: b
(22:52 / Allies) kakarott.: b
(22:53 / Allies) kakarott.: tp
(23:30 / Allies) kakarott.: havent tp
(23:32 / Allies) kakarott.: i need run
(24:21 / Allies) kakarott.: i go buy tp
(24:27 / Allies) kakarott.: need tp all for finish
(24:28 / Allies) ALLNOOBS: i have
(24:30 / Allies) ALLNOOBS: for you
(24:44 / Allies) kakarott.: k i come
(24:56 / Allies) kakarott.: all
(24:57 / Allies) kakarott.: tp
(25:02 / Allies) kakarott.: all
(25:10 / Allies) kakarott.: no<,
(25:31 / Allies) kakarott.: all to mz
(25:33 / Allies) kakarott.: ok?
(26:24 / Allies) kakarott.: lol
(27:40 / All) FROM-AMERICA: gg
(27:41 / All) FROM-AMERICA: noobs
(27:44 / All) sexy_au-lit: gg :/ u are better